 Dungeon Crawl Stone Soup version 0.32-a0-893-gf85d74f360 (webtiles) character file.

Game seed: 9833863456370952825

2231 nel the Poker (level 9, -7/54 (61) HPs)
             Began as a Demonspawn Reaver on Apr 3, 2024.
             Was a Follower of Vehumet.
             Mangled by a wight
             ... wielding a +0 halberd
              (12 damage)
             ... on level 7 of the Dungeon.
             The game lasted 00:37:57 (7106 turns).

nel the Poker (Demonspawn Reaver)                   Turns: 7106, Time: 00:37:57

HP:   -7/54 (61)    AC: 13    Str: 15    XL:     9   Next: 14%
MP:   3/12          EV: 12    Int: 15    God:    Vehumet [*.....]
Gold: 433           SH:  0    Dex: 12    Spells: 10/12 levels left

rFire   + + +        a - +0 spear
rCold   . . .        (no shield)
rNeg    . . .        b - +0 leather armour
rPois   +            (no helmet)
rElec   +            m - +2 cloak
rCorr   +            (no gloves)
SInv    .            y - +0 pair of boots
Will    .....        (no amulet)
Stlth   +            r - ring of protection from fire
HPRegen 1.29/turn    B - ring of fire
MPRegen 0.13/turn

%: no passive effects
@: resistant, sanguine armoured, heavily drained
A: ignite blood 1, powered by death 2, sanguine armour 1
a: Renounce Religion


You were on level 7 of the Dungeon.
You worshipped Vehumet.
Vehumet was aware of your devotion.
You visited 2 branches of the dungeon, and saw 8 of its levels.
You also visited: Ossuary.

You collected 433 gold pieces.

Inventory:

Hand Weapons
 a - a +0 spear (weapon)
Missiles
 n - 6 poisoned darts (quivered)
 A - 5 boomerangs
Armour
 b - a +0 leather armour (worn)
 m - a +2 cloak (worn)
 y - a +0 pair of boots (worn)
Jewellery
 r - a ring of protection from fire (left hand)
 B - a ring of fire (right hand)
Wands
 s - a wand of flame (17)
Scrolls
 c - a scroll of amnesia
 g - 2 scrolls of blinking
 k - 4 scrolls of teleportation {unknown}
 l - 2 scrolls of enchant armour {unknown}
 o - 2 scrolls of immolation {unknown}
 p - 2 scrolls of enchant weapon
 u - a scroll of revelation {unknown}
 v - a scroll of brand weapon {unknown}
 x - 2 scrolls of fear {unknown}
 C - a scroll of vulnerability {unknown}
Potions
 d - 4 potions of lignification
 e - 2 potions of attraction
 f - a potion of mutation
 h - 3 potions of resistance
 i - a potion of haste {unknown}
 j - 4 potions of brilliance {unknown}
 t - a potion of berserk rage
 z - a potion of curing {unknown}


   Skills:
 - Level 2.0 Fighting
 + Level 6.9 Polearms
 + Level 5.8 Dodging
 - Level 2.0 Spellcasting
 + Level 6.3 Conjurations
 + Level 4.9 Fire Magic


You had 10 spell levels left.
You knew the following spells:

 Your Spells              Type           Power      Damage    Failure   Level
a - Kiss of Death         Conj/Necr      44%        2d8       8%          1
b - Foxfire               Conj/Fire      100%       2x1d9     2%          1

Your spell library contained the following spells:

 Spells                   Type           Power      Damage    Failure   Level
 Freeze                   Ice            4%         1d3       26%         1
 Sting                    Conj/Alch      44%        1d5       8%          1
 Momentum Strike          Conj/Tloc      22%        3d8       11%         2
 Hailstorm                Conj/Ice       11%        3d6       22%         3
 Blink                    Tloc           2%         N/A       38%         2
 Lesser Beckoning         Tloc           2%         N/A       38%         2
 Mercury Vapours          Alch/Air       2%         N/A       38%         2
 Call Canine Familiar     Summ           1%         N/A       63%         3
 Sigil of Binding         Hex            1%         N/A       63%         3
 Dimensional Bullseye     Hex/Tloc       0%         N/A       95%         4
 Olgreb's Toxic Radiance  Alch           1%         N/A       95%         4
 Starburst                Conj/Fire      13%        6d6       99%         6
 Plasma Beam              Fire/Air       6%         2x1d17    100%        6


Dungeon Overview and Level Annotations

Branches:
Dungeon (7/15)             Temple (1/1) D:5         Ossuary (visited)

Altars:
Cheibriados
Dithmenos
Fedhas
Gozag
Hepliaklqana
Kikubaaqudgha
Makhleb
Nemelex Xobeh
Okawaru
Qazlal
Ru
Sif Muna
Trog
Uskayaw
Vehumet
Wu Jian
Xom
Yredelemnul

Shops:
D:3 *(   D:6 *


Innate Abilities, Weirdness & Mutations

Your demonic aura sometimes causes spilled blood to erupt in flames.
You regenerate health from kills.
When seriously injured, your blood forms armour. (AC +6)


Message History

Vehumet accepts your kill.
Casting: Foxfire (safe; 2% risk of failure)
Confirm with . or Enter, or press ? or * to list all spells.
You feel a surge of power!
You conjure some foxfire!
The wight hits you from afar with a +3 halberd of freezing!
* * * LOW HITPOINT WARNING * * *
You feel drained.
* * * LOW HITPOINT WARNING * * *
The wight freezes you.
* * * LOW HITPOINT WARNING * * *
It was a potion of resistance.
You feel protected.
The foxfire hits the wight.
The wight is moderately damaged.
The foxfire hits the wight.
The wight is almost destroyed.
The wight hits you from afar with a +3 halberd of freezing.
* * * LOW HITPOINT WARNING * * *
You feel drained.
* * * LOW HITPOINT WARNING * * *
The wight freezes you.
* * * LOW HITPOINT WARNING * * *
The wight closely misses you.
Casting: Foxfire (safe; 2% risk of failure)
Confirm with . or Enter, or press ? or * to list all spells.
You feel a surge of power!
You conjure some foxfire!
The wight barely misses you.
The wight hits you from afar with a +0 halberd!
* * * LOW HITPOINT WARNING * * *
The foxfire hits the wight but does no damage.
The wight is lightly damaged.
The foxfire hits the wight but does no damage.
The wight is lightly damaged.
The wight hits you from afar with a +3 halberd of freezing.
* * * LOW HITPOINT WARNING * * *
The wight freezes you.
* * * LOW HITPOINT WARNING * * *
The wight attacks as it pursues you!
The wight hits you from afar with a +0 halberd!
You die...

###.....).......
##...............
#........)÷##...
#....)......#
#...........##
##............##
#..z.z.........##
#..§...........[##
#.§@.............#
#..........[...#.##
#..............##.##
#..............##..#
##.............###..
#..............###.
###............# ##
#.....###...####
#..# #...##..


You could see 2 wights.

Vanquished Creatures
  Grinder (D:5)
  A wyvern (D:7)
  A steam dragon (D:7)
  A water moccasin (D:5)
  An ice beast (D:6)
  A black bear (D:6)
  An orc warrior (D:7)
  An ogre (D:6)
  A phantom (D:4)
  Blork the orc (D:5)
  A bullfrog (D:7)
  An elf zombie (Ossuary)
  A scorpion (D:6)
  2 wights (D:7)
  2 bombardier beetles
  3 hounds
  A human zombie (Ossuary)
  2 orc priests
  A jelly (D:5)
  A sleepcap (D:7)
  5 iguanas
  7 orc wizards
  A hound zombie (Ossuary)
  4 mummies (Ossuary)
  6 gnolls
  4 adders
  A shadow imp (D:5)
  2 ufetubi (D:5)
  10 dart slugs
  3 ribbon worms
  9 orcs
  5 ball pythons
  5 bats
  An endoplasm (D:1)
  2 giant cockroaches
  6 hobgoblins
  4 jackals (D:1)
  2 kobolds
  A quokka (D:3)
  3 frilled lizards (D:2)
  4 goblins
  2 goblin zombies (Ossuary)
  A hobgoblin zombie (Ossuary)
  3 jackal zombies (Ossuary)
  2 orc zombies (Ossuary)
  3 rats
  A rat zombie (Ossuary)
122 creatures vanquished.

Vanquished Creatures (others)
  291 foxfires
291 creatures vanquished.

Grand Total: 413 creatures vanquished

Notes
Turn   | Place    | Note
-------+----------+-------------------------------------------
     0 | D:1      | nel the Demonspawn Reaver began the quest for the Orb.
     0 | D:1      | Reached XP level 1. HP: 16/16 MP: 3/3
    48 | D:1      | Gained mutation: Your demonic aura sometimes causes spilled
                  | blood to erupt in flames. [demonic ancestry]
    48 | D:1      | Reached XP level 2. HP: 9/22 MP: 5/5
   809 | D:2      | Gained mutation: You regenerate a little health from kills.
                  | [demonic ancestry]
   809 | D:2      | Reached XP level 3. HP: 23/27 MP: 6/6
  1583 | D:3      | Found Huocrec's General Store.
  1610 | D:3      | Reached XP level 4. HP: 4/33 MP: 5/7
  1852 | D:3      | Learned a level 1 spell: Foxfire
  1864 | D:3      | Found Kas Irol's Antique Weapon Boutique.
  2064 | D:3      | Found a stormy altar of Qazlal.
  2286 | D:4      | Noticed a phantom
  2575 | D:3      | Gained mutation: When seriously injured, your blood forms
                  | armour. (AC +6) [demonic ancestry]
  2575 | D:3      | Reached XP level 5. HP: 25/38 MP: 6/8
  2631 | D:4      | Reached skill level 1 in Fire Magic
  2659 | D:4      | Found a faded altar of an unknown god.
  2917 | D:4      | Gained mutation: You regenerate health from kills. [demonic
                  | ancestry]
  2917 | D:4      | Reached XP level 6. HP: 41/44 MP: 9/9
  3262 | D:4      | Reached skill level 5 in Polearms
  3316 | D:5      | Entered Level 5 of the Dungeon
  3316 | D:5      | Noticed Grinder
  3731 | D:5      | Found a staircase to the Ecumenical Temple.
  3738 | Temple   | Entered the Ecumenical Temple
  3752 | Temple   | Became a worshipper of Vehumet
  3786 | D:5      | Paralysed by Grinder for 2 turns
  3798 | D:5      | Killed Grinder
  3799 | D:5      | Reached XP level 7. HP: 37/50 MP: 1/10
  3881 | D:5      | Found a sand-covered staircase.
  3886 | Ossuary  | Entered an ossuary
  4464 | D:5      | Noticed Blork the orc
  4470 | D:5      | Killed Blork the orc
  4471 | D:5      | Reached XP level 8. HP: 56/56 MP: 8/11
  4659 | D:5      | Reached skill level 5 in Conjurations
  5266 | D:6      | Reached skill level 5 in Dodging
  5468 | D:6      | Found Ahaluy's Assorted Antiques.
  5594 | D:6      | Reached * piety under Vehumet
  5594 | D:6      | Offered knowledge of Freeze by Vehumet.
  6691 | D:7      | Reached XP level 9. HP: 55/61 MP: 5/12
  7106 | D:7      | Mangled by a wight

Illustrated notes

Levels and vault maps discovered:
D:1:      erik_arrival_blinker_ship, layout_basic
D:2:      layout_basic, bh_walls_and_bars
D:3:      layout_basic, lemuel_round_altar, serial_shops, shop, shop
D:4:      kennysheep_slugbush, layout_cave_pools, serial_column_ruins,
          column_ruins_temple_hall, column_ruins_hut, column_ruins_open_tiny,
          column_ruins_open_small_water, column_ruins_columns_corner,
          column_ruins_grid_1, column_ruins_columns_dead_end,
          column_ruins_open_small
D:5:      layout_basic, minmay_temple_entry_ruins, enter_ossuary_2,
          uniq_blork_the_orc, uniq_grinder
D:6:      layout_basic, mainiacjoe_sewer_entry_somewhere_in_here_2,
          serial_shops, shop
D:7:      layout_cave_pods
Temple:   nicolae_temple_bog_church

Skill      XL: |  1  2  3  4  5  6  7  8 |
---------------+-------------------------+-----
Polearms       | 3 4 5 6 |  6.9
Dodging        | 2 3 4 5 |  5.8
Fire Magic     | 1 2 3 4 |  4.9
Conjurations   | 4 6 |  6.3
Fighting       | |  2.0
Spellcasting   | |  2.0

Action                     |  1- 3 |  4- 6 |  7- 9 || total
---------------------------+-------+-------+-------++-------
  Melee: Spear             |   142 |   177 |   204 ||   523
  Throw: Dart              |       |     3 |     7 ||    10
   Cast: Kiss of Death     |     1 |       |     2 ||     3
         Foxfire           |       |    46 |   118 ||   164
  Evoke: Wand              |       |       |     2 ||     2
    Use: Scroll            |       |       |     8 ||     8
         Potion            |       |       |     3 ||     3
   Stab: Paralysed         |       |       |     3 ||     3
 Armour: Leather armour    |    91 |    91 |   167 ||   349
         Skin              |       |       |   165 ||   165
  Dodge: Dodged            |    71 |    87 |   145 ||   303

Table legend: (Time is in decaauts)
 A = Elapsed time spent in this place.
 B = Non-inter-level travel time spent in this place.
 C = Inter-level travel time spent in this place.
 D = Time resting spent in this place.
 E = Time spent auto-exploring this place.
 F = Levels seen in this place.
 G = Mean time per level.
                   A        B        C        D        E       F      G
               +--------+--------+--------+--------+--------+-----+--------+
         Total |   7056 |   6690 |    366 |    681 |   4582 |   9 |  784.0 |
       Dungeon |   6608 |   6262 |    346 |    610 |   4378 |   7 |  944.0 |
        Temple |     22 |      2 |     20 |      0 |      0 |   1 |   22.0 |
       Ossuary |    424 |    424 |      0 |     71 |    204 |   1 |  424.0 |
               +--------+--------+--------+--------+--------+-----+--------+

Top non-repeatable levels by time:
     D:6: 1361 daAuts
     D:3: 1152 daAuts
     D:7: 963 daAuts
     D:5: 960 daAuts
     D:2: 798 daAuts
     D:4: 771 daAuts
     D:1: 600 daAuts
 Ossuary: 424 daAuts
  Temple: 22 daAuts
